 Dungeon Crawl Stone Soup version 0.31-a0-819-gf6de2f5ab6 (webtiles) character file.

Game seed: 17436412391847625314

102 randomguy2701 the Nimble (level 4, -4/32 HPs)
             Began as a Gnoll Wanderer on Sept 24, 2023.
             Slain by Grinder (8 damage)
             ... while paralysed by Grinder
             ... on level 3 of the Dungeon.
             The game lasted 00:02:53 (2660 turns).

randomguy2701 the Nimble (Gnoll Wanderer)           Turns: 2660, Time: 00:02:54

Health: -4/32      AC:  4    Str:  9    XL:     4   Next: 77%
Magic:  3/8        EV:  2    Int: 12    God:
Gold:   100        SH:  0    Dex: 15    Spells: 8/9 levels left

rFire   . . .        a - +0 spear
rCold   . . .        (no shield)
rNeg    . . .        r - +0 leather armour
rPois   .            (no helmet)
rElec   .            (no cloak)
rCorr   .            b - +0 pair of gloves
SInv    .            (no boots)
Will    .....        (no amulet)
Stlth   ++           (no ring)
HPRegen 0.25/turn    (no ring)
MPRegen 0.11/turn

%: no passive effects
@: paralysed, very slightly contaminated
A: fangs 1, strong nose, distributed training
a: no special abilities


You were on level 3 of the Dungeon.
You visited 1 branch of the dungeon, and saw 3 of its levels.

You collected 100 gold pieces.

Inventory:

Hand Weapons
 a - a +0 spear (weapon)
Missiles
 m - a throwing net
Armour
 b - a +0 pair of gloves (worn)
 d - a +0 robe
 r - a +0 leather armour (worn)
Wands
 n - a wand of digging (2)
Scrolls
 c - a scroll of fear
 e - 2 scrolls of poison {unknown}
 f - a scroll of revelation {unknown}
 j - a scroll of noise {unknown}
 l - 2 scrolls of amnesia {unknown}
 p - a scroll of torment {unknown}
 s - a scroll of teleportation {unknown}
Potions
 g - a potion of heal wounds {unknown}
 h - a potion of degeneration {unknown}
 i - a potion of curing {unknown}
 k - a potion of attraction {unknown}
 o - a potion of haste {unknown}
 q - a potion of lignification {unknown}


   Skills:
 + Level 1.2 Fighting
 + Level 1.2 Short Blades
 + Level 1.2 Long Blades
 + Level 1.2 Axes
 + Level 1.2 Maces & Flails
 + Level 4.7 Polearms
 + Level 1.2 Staves
 + Level 1.2 Ranged Weapons
 + Level 1.2 Throwing
 + Level 1.2 Armour
 + Level 8.6 Dodging
 + Level 2.6 Stealth
 + Level 1.2 Shields
 + Level 1.2 Unarmed Combat
 + Level 3.0 Spellcasting
 + Level 1.0 Conjurations
 + Level 1.0 Hexes
 + Level 1.0 Summonings
 + Level 1.0 Necromancy
 + Level 1.0 Translocations
 + Level 1.0 Transmutations
 + Level 1.0 Fire Magic
 + Level 1.0 Ice Magic
 + Level 1.0 Air Magic
 + Level 1.0 Earth Magic
 + Level 3.9 Poison Magic
 + Level 1.4 Invocations
 + Level 1.2 Evocations
 + Level 1.1 Shapeshifting


You had 8 spell levels left.
You knew the following spells:

 Your Spells              Type           Power      Damage    Failure   Level
a - Sting                 Tmut/Pois      28%        1d4       12%         1

Your spell library contained the following spells:

 Spells                   Type           Power      Damage    Failure   Level
 Sublimation of Blood     Necr           4%         N/A       32%         2
 Mephitic Cloud           Conj/Pois/Air  6%         N/A       41%         3
 Olgreb's Toxic Radiance  Pois           11%        N/A       54%         4
 Petrify                  Tmut/Erth      4%         N/A       91%         4
 Irradiate                Conj/Tmut      2%         3d12      99%         5


Dungeon Overview and Level Annotations

Branches:
Dungeon (3/15)

Altars:

Annotations:
D:3 Grinder


Innate Abilities, Weirdness & Mutations

You have very sharp teeth.
Your uncanny sense of smell can sniff out nearby items.
Your experience applies equally to all skills.


Message History

The adder is almost dead.
The adder closely misses you.
Unknown command.
You hit the adder.
You kill the adder!
Unknown command.
You reach to attack!
You hit Grinder.
Grinder is heavily wounded.
Grinder blinks!
The sting hits Grinder.
Grinder partially resists.
Grinder is heavily wounded.
Grinder gestures at you. Pain shoots through your body!
You are too injured to fight recklessly!
Unknown command.
Casting: Sting (safe; 12% risk of failure)
Confirm with . or Enter, or press ? or * to list all spells.
Aiming: Sting (safe; 12% risk of failure)
Press: ? - help, Shift-Dir - straight line, f/p - Grinder
Aim: Grinder (heavily wounded, poisoned, 64% to hit)
The sting hits Grinder but does no damage.
Grinder looks even sicker.
Grinder is heavily wounded.
Grinder completely misses you.
Casting: Sting (safe; 12% risk of failure)
Confirm with . or Enter, or press ? or * to list all spells.
Aiming: Sting (safe; 12% risk of failure)
Press: ? - help, Shift-Dir - straight line, f/p - Grinder
Aim: Grinder (heavily wounded, very poisoned, 64% to hit)
You miscast Sting.
You are very lightly contaminated with residual magic.
Nothing appears to happen.
Grinder hits you.
* * * LOW HITPOINT WARNING * * *
You writhe in agony.
* * * LOW HITPOINT WARNING * * *
Grinder gestures at you.
You suddenly lose the ability to move!
Grinder hits you!
You die...
Grinder says, "Now the real fun starts!"

#...# #..#....#..#....
.#####..## ∆
#......##.....
.........###
#......##.....
.#####.#...#
####..######.. #.###.#
#..### #..## #. #.###
#..### #..## #.
#.†.########..######..
#.
###.#.#..#....#..#....
#. #>5@#..#....#..#....
#.
#>....#.##......##..†..
#.###.#.##......##.....
#. #.############..##.
#.. ######.... ###
.........## ##########


You could see Grinder (poisoned).

Vanquished Creatures
  Jessica (D:2)
  3 adders (D:3)
  A worm (D:2)
  An orc (D:3)
  6 ball pythons
  4 endoplasms
  3 giant cockroaches
  2 goblins
  6 hobgoblins
  3 jackals (D:2)
  7 bats
  A frilled lizard (D:3)
  3 kobolds
  5 rats
46 creatures vanquished.

Notes
Turn   | Place    | Note
-------+----------+-------------------------------------------
     0 | D:1      | randomguy2701 the Gnoll Wanderer began the quest for the
                  | Orb.
     0 | D:1      | randomguy2701 set off with the following items: a +0 spear,
                  | a +0 pair of gloves, a scroll of fear, a +0 robe; and the
                  | following spell memorised: Sting; and the following spells
                  | available to memorise: Mephitic Cloud, Olgreb's Toxic
                  | Radiance.
     0 | D:1      | Reached XP level 1. HP: 13/13 MP: 4/4
   229 | D:1      | Reached XP level 2. HP: 19/19 MP: 0/5
  1099 | D:2      | Reached XP level 3. HP: 22/25 MP: 0/7
  1311 | D:2      | Noticed Jessica
  1319 | D:2      | Killed Jessica
  1320 | D:2      | Reached skill level 1 in Fighting
  1320 | D:2      | Reached skill level 1 in Short Blades
  1320 | D:2      | Reached skill level 1 in Long Blades
  1320 | D:2      | Reached skill level 1 in Axes
  1320 | D:2      | Reached skill level 1 in Maces & Flails
  1320 | D:2      | Reached skill level 1 in Staves
  1320 | D:2      | Reached skill level 1 in Ranged Weapons
  1320 | D:2      | Reached skill level 1 in Throwing
  1320 | D:2      | Reached skill level 1 in Armour
  1320 | D:2      | Reached skill level 1 in Shields
  1320 | D:2      | Reached skill level 1 in Unarmed Combat
  1320 | D:2      | Reached skill level 1 in Invocations
  1320 | D:2      | Reached skill level 1 in Evocations
  1320 | D:2      | Reached XP level 4. HP: 32/32 MP: 3/8
  1325 | D:2      | Reached skill level 1 in Shapeshifting
  2362 | D:3      | Reached skill level 1 in Conjurations
  2362 | D:3      | Reached skill level 1 in Hexes
  2362 | D:3      | Reached skill level 1 in Summonings
  2362 | D:3      | Reached skill level 1 in Necromancy
  2362 | D:3      | Reached skill level 1 in Translocations
  2362 | D:3      | Reached skill level 1 in Transmutations
  2362 | D:3      | Reached skill level 1 in Fire Magic
  2362 | D:3      | Reached skill level 1 in Ice Magic
  2362 | D:3      | Reached skill level 1 in Air Magic
  2362 | D:3      | Reached skill level 1 in Earth Magic
  2636 | D:3      | Noticed Grinder
  2640 | D:3      | Paralysed by Grinder for 2 turns
  2658 | D:3      | Paralysed by Grinder for 4 turns
  2660 | D:3      | Slain by Grinder

Illustrated notes

Levels and vault maps discovered:
D:1:      dpeg_arrival_court, layout_basic
D:2:      layout_basic, hangedman_feature_mirror, kennysheep_generic_room_14,
          uniq_jessica
D:3:      layout_rooms, mainiacjoe_overflow_alcove_4, st_stairs_7,
          nicolae_houndstooth_variations, uniq_grinder

Skill      XL: |  1  2  3  4 |
---------------+-------------+-----
Fighting       | 1 |  1.2
Short Blades   | 1 |  1.2
Long Blades    | 1 |  1.2
Axes           | 1 |  1.2
Maces & Flails | 1 |  1.2
Staves         | 1 |  1.2
Ranged Weapons | 1 |  1.2
Throwing       | 1 |  1.2
Armour         | 1 |  1.2
Shields        | 1 |  1.2
Unarmed Combat | 1 |  1.2
Invocations    | 1 |  1.4
Evocations     | 1 |  1.2
Shapeshifting  | 1 |  1.1
Spellcasting   | 3 |  3.0
Conjurations   | 1 |  1.0
Hexes          | 1 |  1.0
Summonings     | 1 |  1.0
Necromancy     | 1 |  1.0
Translocations | 1 |  1.0
Transmutations | 1 |  1.0
Fire Magic     | 1 |  1.0
Ice Magic      | 1 |  1.0
Air Magic      | 1 |  1.0
Earth Magic    | 1 |  1.0
Polearms       | |  4.7
Dodging        | |  8.6
Stealth        | |  2.6
Poison Magic   | |  3.9

Action                     |  1- 3 |  4- 6 || total
---------------------------+-------+-------++-------
  Melee: Spear             |    56 |    23 ||    79
         Bite              |     6 |     2 ||     8
   Cast: Sting             |    41 |    34 ||    75
   Stab: Sleeping          |     1 |     3 ||     4
 Armour: Robe              |    27 |     1 ||    28
         Leather armour    |       |     7 ||     7
  Dodge: Dodged            |    68 |    27 ||    95

Table legend: (Time is in decaauts)
 A = Elapsed time spent in this place.
 B = Non-inter-level travel time spent in this place.
 C = Inter-level travel time spent in this place.
 D = Time resting spent in this place.
 E = Time spent auto-exploring this place.
 F = Levels seen in this place.
 G = Mean time per level.
                   A        B        C        D        E       F      G
               +--------+--------+--------+--------+--------+-----+--------+
         Total |   2649 |   2500 |    149 |      0 |   2199 |   3 |  883.0 |
       Dungeon |   2649 |   2500 |    149 |      0 |   2199 |   3 |  883.0 |
               +--------+--------+--------+--------+--------+-----+--------+

Top non-repeatable levels by time:
     D:2: 1178 daAuts
     D:1: 1065 daAuts
     D:3: 405 daAuts
